AoeStats
← Jason64057

Arena

505611273Analyzed
2v2 RM · 23d ago on Sep 10, 2026· 75m 30s· 4 players
Game mode
Random Map
Map size
Medium (4 player)
Population
200
Speed
Normal
Resources
Standard
Victory
Conquest
Starting age
Dark Age
Ending age
Imperial Age
RankedLock teamsTeams togetherTeam positionsShared explorationLock speedFull tech treeHidden civsTurbo modeCheats
Victory
Defeat
🇨🇳 Celts · China
956
+11
🇫🇷 Persians · France
905
+13
🇷🇺 Portuguese · Russia
855
-12
🇹🇼 Poles · Taiwan
848
-29
Juuu136
1:55 Loom
10:54 Feudal Age
11:21 Horse Collar
12:17 Double-Bit Axe
13:34 Gold Mining
15:02 Stone Mining
21:41 Castle Age
22:38 Bow Saw
22:30 Heavy Plow
23:09 Stone Shaft Mining
23:12 Gold Shaft Mining
25:02 Wheelbarrow
24:12 Town Watch
29:20 Kamandaran
29:51 Crossbowman
31:41 Thumb Ring
32:08 Murder Holes
32:34 Ballistics
33:30 Hand Cart
33:18 Town Patrol
33:52 Padded Archer Armor
33:42 Fletching
35:27 Leather Archer Armor
35:07 Bodkin Arrow
35:23 Forging
35:19 Scale Barding Armor
35:15 Scale Mail Armor
40:00 Chain Barding Armor
40:16 Iron Casting
39:57 Chain Mail Armor
44:56 Imperial Age
46:58 Chemistry
47:00 Two-Man Saw
46:34 Crop Rotation
46:43 Ring Archer Armor
46:49 Plate Barding Armor
47:14 Blast Furnace
46:45 Plate Mail Armor
46:28 Elite War Elephant
47:30 Conscription
48:07 Elite War Elephant
52:04 Caravan
Jason64057
11:04 Feudal Age
11:32 Loom
15:29 Castle Age
13:24 Double-Bit Axe
14:36 Horse Collar
27:39 Pikeman
29:47 Bow Saw
32:07 Wheelbarrow
31:48 Horse Collar
34:03 Heavy Plow
34:05 Scale Mail Armor
36:22 Hand Cart
36:42 Chain Mail Armor
36:20 Gold Mining
37:38 Gold Shaft Mining
38:48 Ballistics
41:37 Imperial Age
39:32 Town Watch
41:31 Forging
41:48 Stronghold
42:47 Iron Casting
42:32 Furor Celtica
41:46 Capped Ram
43:06 Plate Mail Armor
42:43 Siege Ram
43:02 Halberdier
44:04 Conscription
45:29 Siege Engineers
49:13 Blast Furnace
49:47 Town Patrol
52:34 Fortified Wall
53:30 Chemistry
52:38 Heavy Scorpion
54:37 Arson
55:32 Onager
56:33 Fletching
56:45 Caravan
60:51 Siege Onager
66:28 Guilds
jeff.chang1205
10:49 Feudal Age
11:21 Double-Bit Axe
13:52 Loom
14:40 Horse Collar
17:22 Castle Age
15:23 Gold Mining
16:18 Stone Mining
17:45 Forging
17:57 Light Cavalry
18:38 Husbandry
23:29 Bloodlines
24:37 Scale Barding Armor
26:39 Wheelbarrow
26:20 Bow Saw
26:38 Town Watch
28:58 Chain Barding Armor
29:03 Szlachta Privileges
30:41 Heavy Plow
33:48 Imperial Age
32:15 Herbal Medicine
33:04 Iron Casting
32:22 Fletching
33:10 Hand Cart
33:51 Cavalier
35:26 Conscription
36:44 Blast Furnace
35:40 Bodkin Arrow
37:51 Hoardings
38:47 Siege Engineers
39:46 Chemistry
38:51 Bracer
41:30 Winged Hussar
42:35 Arrowslits
43:16 Ballistics
42:47 Treadmill Crane
43:19 Careening
43:20 Masonry
43:43 Crop Rotation
47:44 Lechitic Legacy
46:45 Elite Obuch
47:39 Scale Mail Armor
47:48 Squires
47:33 Arson
50:59 Chain Mail Armor
50:57 Capped Ram
53:13 Murder Holes
53:29 Fortified Wall
53:51 Plate Mail Armor
58:11 Town Patrol
60:38 Caravan
65:51 Man-at-Arms
67:03 Long Swordsman
67:37 Two-Handed Swordsman
love_88876515
0:33 Loom
13:10 Feudal Age
16:06 Double-Bit Axe
18:40 Castle Age
16:24 Horse Collar
17:19 Stone Mining
17:44 Gold Mining
19:42 Bow Saw
19:37 Heavy Plow
32:14 Town Watch
43:00 Wheelbarrow
45:52 Imperial Age
44:04 Stone Shaft Mining
45:27 Hand Cart
45:59 Town Patrol
45:29 Pikeman
47:30 Conscription
49:28 Two-Man Saw
48:52 Sappers
50:14 Crop Rotation
52:44 Masonry
52:15 Treadmill Crane
52:30 Murder Holes
58:15 Architecture
59:45 Chemistry
58:56 Halberdier
70:46 Husbandry
70:56 Bloodlines
70:07 Light Cavalry
Connection lost

Rejoining the realm…

Still unreachable

The connection could not be restored.

Session expired

The server has moved on; the page needs a fresh start.